 Dungeon Crawl Stone Soup version 0.29.1-1-gd02db6906a (webtiles) character file.

Game seed: 15032625336177989149

74890 LustLizard the Brawler (level 15, -1/153 HPs)
             Began as a Troll Fighter on Sept 26, 2022.
             Was the Champion of Wu Jian.
             Slain by an ogre
             ... wielding a +0 giant club
              (6 damage)
             ... while paralysed by an orc sorcerer
             ... on level 1 of the Orcish Mines.
             The game lasted 00:35:56 (17488 turns).

LustLizard the Brawler (Troll Fighter)             Turns: 17488, Time: 00:35:56

Health: -1/153     AC: 11    Str: 34    XL:     15   Next: 8%
Magic:  14/14      EV:  1    Int: 14    God:    Wu Jian [******]
Gold:   1050       SH:  0    Dex:  9    Spells: 14/14 levels left

rFire   . . .      SeeInvis .     - Unarmed
rCold   . . .      Faith    .   b - +0 kite shield
rNeg    . . .      Spirit   .   H - +2 robe {Archmagi}
rPois   .          Reflect  +   (helmet restricted)
rElec   .          Harm     .   j - +4 cloak of Kleptomania {Int+4}
rCorr   .          Rampage  .   (gloves unavailable)
Will    +....      Archmagi +   (boots unavailable)
Stlth   +.........              y - amulet of reflection
HPRegen 1.15/turn               E - +4 ring of evasion
MPRegen 0.14/turn               V - +6 ring of strength

@: paralysed
A: large, unfitting armour, claws 3, regeneration 1, shaggy fur 1, tough skin 1
a: Renounce Religion, Wall Jump, Serpent's Lash, Heavenly Storm


You were on level 1 of the Orcish Mines.
You worshipped Wu Jian.
Wu Jian was exalted by your worship.
You visited 4 branches of the dungeon, and saw 19 of its levels.
You also visited: Sewer and Bailey.

You collected 1360 gold pieces.
You spent 310 gold pieces at shops.

Inventory:

Hand Weapons
 T - a +3 quick blade
Missiles
 x - 10 boomerangs
 L - 18 poisoned darts (quivered)
 X - 6 curare-tipped darts
Armour
 b - a +0 kite shield (worn)
 j - the +4 cloak of Kleptomania (worn) {Int+4}
   (You found it on level 2 of the Dungeon)

   Int:       It affects your intelligence (+4).
 o - a +1 robe of willpower
 H - a +2 robe of the Archmagi (worn)
 K - the +1 robe of Piosk {Drain rElec Dex-2 SInv}
   (You bought it in a shop on level 7 of the Dungeon)

   Dex:       It affects your dexterity (-2).
   rElec:     It insulates you from electricity.
   SInv:      It lets you see invisible.
   Drain:     It drains your maximum health when unequipped.
 S - +0 steam dragon scales
 U - +0 acid dragon scales
Jewellery
 a - a ring of protection from cold
 c - the amulet "Kaech" {Acrobat Harm +Inv Str-3 Stlth+}
   (You took it off a tengu warrior on level 8 of the Dungeon)

   [amulet of the acrobat]

   It increases your evasion while moving and waiting.
   Str:       It affects your strength (-3).
   +Inv:      It lets you turn invisible.
   Harm:      It increases damage dealt and taken.
   Stlth:     It makes you more stealthy.
 p - a ring of see invisible
 y - an amulet of reflection (around neck)
 E - a +4 ring of evasion (left claw)
 J - an amulet of guardian spirit
 P - a ring of magical power
 R - a ring of wizardry
 V - a +6 ring of strength (right claw)
 W - the ring of Qofego {Ice rElec Str-2 Dex+4}
   (You found it on level 1 of the Lair of Beasts)

   [ring of ice]

   It enhances your ice magic.
   Str:       It affects your strength (-2).
   Dex:       It affects your dexterity (+4).
   rF:        It makes you vulnerable to fire.
   rC:        It protects you from cold.
   rElec:     It insulates you from electricity.
Wands
 n - a wand of flame (24)
 A - a wand of mindburst (18)
 N - a wand of charming (15)
 O - a wand of polymorph (8)
 Q - a wand of iceblast (7)
Scrolls
 e - 5 scrolls of magic mapping
 g - 6 scrolls of teleportation
 i - a scroll of silence {unknown}
 l - 2 scrolls of enchant armour
 s - 4 scrolls of blinking
 u - a scroll of enchant weapon {unknown}
 D - 4 scrolls of butterflies
 M - a scroll of vulnerability
 Z - a scroll of noise
Potions
 d - a potion of lignification
 f - 2 potions of heal wounds
 h - 8 potions of attraction
 k - a potion of berserk rage
 m - 2 potions of flight
 q - 6 potions of mutation
 r - a potion of magic
 t - 4 potions of haste
 v - a potion of experience {unknown}
 w - a potion of resistance
 z - 7 potions of curing
 F - 4 potions of cancellation
 Y - a potion of ambrosia


   Skills:
 + Level 11.0 Fighting
 + Level 9.7 Dodging
 + Level 12.0 Shields
 * Level 17.6 Unarmed Combat


You had 14 spell levels left.
You didn't know any spells.
Your spell library contained the following spells:

 Spells                   Type           Power      Damage    Failure   Level
 Foxfire                  Conj/Fire      0%         2x1d4     45%         1
 Freeze                   Ice            0%         1d3       45%         1
 Magic Dart               Conj           0%         1d3       45%         1
 Slow                     Hex            0%         N/A       45%         1
 Call Imp                 Summ           0%         N/A       58%         2
 Ensorcelled Hibernation  Hex/Ice        0%         N/A       58%         2
 Passwall                 Tmut/Erth      0%         N/A       58%         2
 Confusing Touch          Hex            0%         N/A       83%         3
 Conjure Flame            Conj/Fire      0%         6-21      83%         3
 Dazzling Flash           Conj/Hex       0%         N/A       83%         3
 Frozen Ramparts          Ice            0%         1d1       83%         3
 Inner Flame              Hex/Fire       0%         N/A       83%         3
 Mephitic Cloud           Conj/Pois/Air  0%         N/A       83%         3
 Ozocubu's Armour         Ice            0%         N/A       83%         3
 Stone Arrow              Conj/Erth      0%         3d7       83%         3
 Swiftness                Air            0%         N/A       83%         3
 Vampiric Draining        Necr           0%         2d6       83%         3
 Animate Armour           Summ/Erth      0%         N/A       99%         4
 Flame Wave               Conj/Fire      0%         2d4       99%         4
 Hailstorm                Conj/Ice       0%         3d3       99%         4
 Passage of Golubria      Tloc           0%         N/A       99%         4
 Agony                    Necr           0%         N/A       100%        5
 Alistair's Intoxication  Tmut/Pois      0%         N/A       100%        5
 Borgnjor's Vile Clutch   Necr/Erth      0%         N/A       100%        5
 Metabolic Englaciation   Hex/Ice        0%         N/A       100%        5
 Silence                  Hex/Air        0%         N/A       100%        5
 Summon Forest            Summ/Tloc      0%         N/A       100%        5
 Eringya's Noxious Bog    Tmut/Pois      0%         N/A       100%        6
 Simulacrum               Ice/Necr       0%         N/A       100%        6
 Summon Hydra             Summ           0%         N/A       100%        7
 Lehudib's Crystal Spear  Conj/Erth      0%         10d2      100%        8


Dungeon Overview and Level Annotations

Branches:
Dungeon (12/15)            Temple (1/1) D:7            Lair (5/5) D:10
 Shoals (0/4) Lair:3       Spider (0/4) Lair:3        Slime (0/5) Lair:5
    Orc (1/2) D:12          Sewer (visited)          Bailey (visited)

Altars:
Ashenzari
Cheibriados
Dithmenos
Elyvilon
Fedhas
Gozag
Hepliaklqana
Kikubaaqudgha
Makhleb
Nemelex Xobeh
Okawaru
Qazlal
Ru
Sif Muna
Trog
Uskayaw
Vehumet
Wu Jian
Xom
Yredelemnul
Zin
The Shining One
Jiyva

Shops:
D:7 *   D:11 *

Annotations:
Lair:2 1 runed translucent door, Braxton's ghost, journeyman MiHu


Innate Abilities, Weirdness & Mutations

You are too large for most types of armour.
You have claws for hands.
Your natural rate of healing is unusually fast.
You are covered in fur. (AC +1)
You have tough skin. (AC +1)


Message History

The chaos spawn hits you but does no damage.
You block something's attack.
You eviscerate something!!! The Council accepts your kill.
Reactivating autopickup.
You feel a bit more experienced.
Unknown command.
An orc priest comes into view. It is wielding a +0 flail.
You spin and attack the orc knight.
You scratch the orc knight.
The orc knight is lightly wounded.
You spin and attack the chaos spawn repeatedly.
You closely miss the chaos spawn. x2; You block the chaos spawn's attack.
A magic dart appears from out of thin air!
Deactivating autopickup; reactivate with Ctrl-A.
The magic dart hits you but does no damage.
The orc sorcerer gestures at you while chanting.
You suddenly lose the ability to move!
The orc knight hits you with a +0 long sword!!
An orc wizard comes into view. It is wielding a +0 dagger.
The orc wizard shouts!
You hear a shout!
The chaos spawn hits you! You resist with almost no effort.
The ogre hits you with a +0 giant club!
The orc warrior hits you with a +1 war axe of holy wrath!!
The orc warrior hits you but does no damage.
The orc sorcerer points at you and mumbles some strange words.
You shrug off the repeated paralysis!
The orc knight hits you with a +0 long sword!!
An orc comes into view.
It is wielding a +0 dagger of holy wrath.
The chaos spawn gores you but does no damage.
The orc warrior hits you with a +1 war axe of holy wrath!!
* * * LOW HITPOINT WARNING * * *
Something hits you but does no damage.
The orc warrior hits you with a +0 broad axe!!
* * * LOW HITPOINT WARNING * * *
The orc sorcerer completely misses you.
The orc knight hits you with a +0 long sword!
* * * LOW HITPOINT WARNING * * *
An orc wizard comes into view. It is wielding a +0 dagger.
The ogre hits you with a +0 giant club.
You die...

##......#.# .
##.........####..
.#................
........#.<.......
.........#.......#
......#.#.......##
..... ##.........#
......#4o.........
.ooo..o@o.........
o.#....oO.##.#....
##......# ###...
#......# ...
#....... ....#...#
....##.... .....
..#..


You could see an orc knight, a chaos spawn (summoned), an orc sorcerer (strong),
2 orc warriors, an ogre, an orc priest, 2 orc wizards and an orc.

Vanquished Creatures
  A fire dragon (Lair:5)
  2 boulder beetles
  6 hydras
  5 two-headed ogres
  A centaur warrior (D:8)
  A tengu warrior (D:8)
  15 death yaks
  A skeletal warrior (D:8)
  2 fire crabs (Lair:5)
  Amaemon (Lair:3)
  A deep elf pyromancer (D:8)
  2 cyclopes (D:11)
  An ugly thing (D:8)
  2 centaur zombies (D:11)
  An oklob plant (Lair:4)
  13 elephants
  2 slime creatures
  2 manticores
  A merfolk siren (Lair:3)
  3 black mambas (Lair:5)
  2 molten gargoyles (Lair:5)
  2 torpor snails
  An orange demon (Lair:3)
  3 unseen horrors
  A gargoyle (D:12)
  17 cane toads
  A yaktaur (D:12)
  7 rime drakes
  15 komodo dragons
  A troll (D:10)
  A queen bee (Lair:3)
  A hornet (D:10)
  4 polar bears
  Grinder (D:3)
  10 blink frogs
  4 dream sheep (Lair:4)
  2 shadows
  64 yaks
  A vampire (D:10)
  11 wyverns
  4 spriggans (Bailey)
  6 basilisks
  4 steam dragons
  Grum (D:11)
  8 vampire mosquitoes
  An acid dragon (D:11)
  4 hell hounds (Lair:5)
  16 water moccasins
  8 orc warriors
  2 sky beasts
  3 ice beasts
  6 black bears
  7 ogres
  19 wolves
  7 centaurs
  4 kobold brigands
  2 gnoll sergeants
  16 bullfrogs
  4 scorpions
  8 necrophages
  5 wights (D:8)
  56 killer bees
  An electric eel (Lair:2)
  3 howler monkeys
  5 lava snakes (Lair:5)
  4 hounds
  Crazy Yiuf (D:4)
  3 orc priests
  3 jellies
  A gnoll bouda (D:7)
  Ijyb (D:5)
  Jessica (D:2)
  2 iguanas
  10 orc wizards
  Natasha (thrice) (D:2)
  2 hell rats (Lair:3)
  Robin (D:2)
  7 gnolls
  8 adders
  A river rat (D:6)
  2 shadow imps
  5 white imps
  An ufetubus (D:4)
  3 worms
  4 dart slugs
  41 orcs
  5 ball pythons
  3 bats
  3 endoplasms
  5 giant cockroaches
  15 goblins
  13 hobgoblins
  5 jackals
  6 quokkas
  12 frilled lizards
  19 kobolds
  7 rats
609 creatures vanquished.

Vanquished Creatures (others)
  A bush (Lair:5)
  18 fungi
  56 plants
75 creatures vanquished.

Grand Total: 684 creatures vanquished

Notes
Turn   | Place    | Note
-------+----------+-------------------------------------------
     0 | D:1      | LustLizard the Troll Fighter began the quest for the Orb.
     0 | D:1      | Reached XP level 1. HP: 22/22 MP: 0/0
   105 | D:1      | Found a faded altar of an unknown god.
   489 | D:2      | Reached XP level 2. HP: 29/29 MP: 1/1
   507 | D:2      | Noticed Natasha
   647 | D:2      | Killed Natasha
   648 | D:2      | Reached skill level 3 in Unarmed Combat
   648 | D:2      | Reached XP level 3. HP: 25/36 MP: 2/2
   664 | D:2      | Noticed Robin
   673 | D:2      | Noticed Natasha
   704 | D:2      | Killed Natasha
   705 | D:2      | Reached XP level 4. HP: 29/44 MP: 3/3
   776 | D:2      | Killed Robin
   827 | D:2      | Identified the +4 cloak of Kleptomania {Int+4}
   991 | D:2      | Noticed Jessica
   995 | D:2      | Killed Jessica
   996 | D:2      | Reached skill level 4 in Unarmed Combat
   996 | D:2      | Reached XP level 5. HP: 53/53 MP: 4/4
  1024 | D:2      | Noticed Natasha
  1031 | D:2      | Killed Natasha
  1302 | D:3      | Noticed Grinder
  1321 | D:3      | Killed Grinder
  1322 | D:3      | Reached skill level 5 in Unarmed Combat
  1322 | D:3      | Reached XP level 6. HP: 46/62 MP: 5/5
  1613 | D:3      | Found a glowing golden altar of the Shining One.
  2454 | D:4      | Reached XP level 7. HP: 68/68 MP: 6/6
  2583 | D:4      | Reached skill level 6 in Unarmed Combat
  2928 | D:4      | Found a runed translucent door.
  2929 | D:4      | Noticed Crazy Yiuf
  3036 | D:4      | Found a snail-covered altar of Cheibriados.
  3037 | D:4      | Found a white marble altar of Elyvilon.
  3183 | D:4      | Killed Crazy Yiuf
  3216 | D:5      | Entered Level 5 of the Dungeon
  3223 | D:5      | Reached skill level 5 in Shields
  3313 | D:5      | Reached XP level 8. HP: 79/79 MP: 7/7
  3359 | D:5      | Reached skill level 7 in Unarmed Combat
  3633 | D:5      | Noticed Ijyb
  3642 | D:5      | Killed Ijyb
  3660 | D:5      | Found a basalt altar of Yredelemnul.
  3923 | D:5      | Reached skill level 5 in Fighting
  4360 | D:6      | Reached skill level 8 in Unarmed Combat
  4488 | D:6      | Found a glowing drain.
  4492 | Sewer    | Entered a sewer
  5612 | D:7      | Reached XP level 9. HP: 82/88 MP: 8/8
  5663 | D:7      | Found an iron altar of Okawaru.
  5697 | D:7      | Found a sparkling altar of Nemelex Xobeh.
  5787 | D:7      | Found a staircase to the Ecumenical Temple.
  5801 | Temple   | Entered the Ecumenical Temple
  5852 | Temple   | Became a worshipper of the Wu Jian Council
  5884 | D:7      | Reached skill level 9 in Unarmed Combat
  5944 | D:7      | Found Fyahish's Assorted Antiques.
  5959 | D:7      | Bought a scroll labelled TYTESU UTODAWK for 32 gold pieces
  5959 | D:7      | Bought a scroll labelled TYTESU UTODAWK for 32 gold pieces
  5959 | D:7      | Bought a scroll of identify for 64 gold pieces
  5959 | D:7      | Bought a creamy pearl robe for 182 gold pieces
  5959 | D:7      | Identified the +1 robe of Piosk {Drain rElec Dex-2 SInv}
                  | (You bought it in a shop on level 7 of the Dungeon)
  6021 | D:7      | Found a shimmering altar of Xom.
  6765 | D:8      | Noticed a deep elf pyromancer
  6791 | D:8      | Killed a deep elf pyromancer
  6792 | D:8      | Reached skill level 10 in Unarmed Combat
  6848 | D:8      | Noticed a centaur warrior
  6856 | D:8      | Reached XP level 10. HP: 49/100 MP: 4/9
  6858 | D:8      | Identified the amulet "Kaech" {Acrobat Harm +Inv Str-3
                  | Stlth+}
  6858 | D:8      | Noticed a tengu warrior
  6865 | D:8      | Killed a centaur warrior
  6865 | D:8      | Reached * piety under Wu Jian
  6892 | D:8      | Killed a tengu warrior
  6892 | D:8      | Noticed a two-headed ogre
  6893 | D:8      | Noticed a brown ugly thing
  6895 | D:8      | Noticed a boulder beetle
  6897 | D:8      | Noticed a skeletal warrior
  6976 | D:8      | Killed a two-headed ogre
  6977 | D:8      | Reached skill level 11 in Unarmed Combat
  7070 | D:8      | Killed a boulder beetle
  7391 | D:8      | Reached XP level 11. HP: 48/107 MP: 3/10
  7644 | D:8      | Killed a brown ugly thing
  7645 | D:8      | Reached skill level 5 in Dodging
  7738 | D:9      | Noticed a two-headed ogre
  7745 | D:9      | Killed a two-headed ogre
  7746 | D:9      | Reached skill level 12 in Unarmed Combat
  7860 | D:9      | Reached ** piety under Wu Jian
  8202 | D:9      | Noticed a four-headed hydra
  8225 | D:9      | Killed a four-headed hydra
  8748 | D:8      | Killed a skeletal warrior
  8887 | D:10     | Entered Level 10 of the Dungeon
  8931 | D:10     | Noticed a death yak
  8943 | D:10     | Noticed a death yak
  8944 | D:10     | Killed a death yak
  8944 | D:10     | Noticed a death yak
  8963 | D:10     | Killed a death yak
  8964 | D:10     | Reached skill level 13 in Unarmed Combat
  8969 | D:10     | Killed a death yak
  8981 | D:10     | Found a staircase to the Lair.
  9147 | D:10     | Reached XP level 12. HP: 116/120 MP: 11/11
  9152 | D:10     | Found a flagged portal.
  9161 | Bailey   | Entered a bailey
  9517 | Bailey   | Noticed a two-headed ogre
  9527 | Bailey   | Killed a two-headed ogre
  9643 | D:10     | Reached *** piety under Wu Jian
  9934 | D:11     | Found Dotofrydd's General Store.
 10048 | D:11     | Noticed Grum
 10061 | D:11     | Killed Grum
 10167 | D:11     | Found a basalt altar of Yredelemnul.
 10281 | D:11     | Noticed a two-headed ogre
 10285 | D:11     | Killed a two-headed ogre
 10349 | D:11     | Reached skill level 14 in Unarmed Combat
 10645 | D:11     | Noticed a two-headed ogre
 10666 | D:11     | Killed a two-headed ogre
 11087 | D:12     | Reached **** piety under Wu Jian
 11432 | D:12     | Found a staircase to the Orcish Mines.
 11712 | Lair:1   | Entered Level 1 of the Lair of Beasts
 11733 | Lair:1   | Reached skill level 10 in Shields
 11794 | Lair:1   | Reached XP level 13. HP: 116/131 MP: 10/12
 12205 | Lair:1   | Reached skill level 15 in Unarmed Combat
 12212 | Lair:1   | Reached ***** piety under Wu Jian
 12258 | Lair:1   | Identified the ring of Qofego {Ice rElec Str-2 Dex+4}
 12972 | Lair:2   | Found a runed translucent door.
 12974 | Lair:2   | Noticed Braxton's ghost (journeyman MiHu)
 13545 | Lair:3   | Found a staircase to the Shoals.
 13707 | Lair:3   | Found a hole to the Spider Nest.
 13967 | Lair:3   | Reached skill level 10 in Fighting
 13972 | Lair:3   | Reached skill level 16 in Unarmed Combat
 14040 | Lair:3   | Noticed Amaemon
 14047 | Lair:3   | Reached XP level 14. HP: 101/143 MP: 9/13
 14091 | Lair:3   | Killed Amaemon
 14444 | Lair:3   | Identified the +5 sling of Gotesy {flame, Contam rPois
                  | Str+5 SInv}
 14789 | Lair:4   | Found an ornate altar of the Wu Jian Council.
 14789 | Lair:4   | Found a hide-covered altar of Uskayaw.
 15414 | Lair:5   | Entered Level 5 of the Lair of Beasts
 15426 | Lair:5   | Reached ****** piety under Wu Jian
 15809 | Lair:5   | Reached skill level 17 in Unarmed Combat
 16336 | Lair:5   | Found a large runed translucent door.
 16336 | Lair:5   | Found a large runed translucent door.
 16627 | Lair:5   | Reached XP level 15. HP: 141/152 MP: 11/14
 16746 | Lair:5   | Found a viscous altar of Jiyva.
 16746 | Lair:5   | Found a staircase to the Slime Pits.
 17476 | Orc:1    | Entered Level 1 of the Orcish Mines
 17486 | Orc:1    | Paralysed by an orc sorcerer for 4 turns
 17488 | Orc:1    | HP: 5/153 [orc knight/+0 long sword (9)]
 17488 | Orc:1    | Slain by an ogre

Illustrated notes

Levels and vault maps discovered:
D:1:      giann_wishing_wells, layout_rooms, shapermc_ecumenical_altar_pompeii
D:2:      layout_rooms, uniq_robin, uniq_natasha, uniq_jessica
D:3:      layout_loops_corners, mainiacjoe_overflow_surrounded_room,
          minmay_misc_feat_tower, minmay_misc_feat_rugged, minmay_quantized,
          uniq_grinder
D:4:      minmay_recursive_quarters, layout_rooms,
          gammafunk_temple_overflow_statue, roderic_roman_lattice,
          supply_closet_lemuel, corexii_leaking_fountain, minivault_24,
          uniq_crazy_yiuf_cottage
D:5:      layout_gridville, mainiacjoe_overflow_cross_hatched, uniq_ijyb
D:6:      layout_basic, gup_sewer_entry_spiral, minivault_26
D:7:      layout_basic, okawaru_trees_1, xom_teletrap_fun,
          mainiacjoe_overflow_brackets, minmay_temple_entry_offerings,
          serial_shops, shop
D:8:      nzn_winding_woodlands_large [nzn_winding_woodlands_5x5_default,
          nzn_winding_woodlands_5x15_parted,
          nzn_winding_woodlands_5x5_closed_star,
          nzn_winding_woodlands_center_lodge,
          nzn_winding_woodlands_15x15_five_gardens,
          nzn_winding_woodlands_center_diamonds,
          nzn_winding_woodlands_5x5_open_star,
          nzn_winding_woodlands_5x15_zeroes, nzn_winding_woodlands_hourglass],
          layout_rooms, minmay_misc_feat_plants
D:9:      layout_loops_ring, minivault_20
D:10:     layout_cross, dpeg_lair_monsters, enter_bailey_2, eino_jars
D:11:     layout_roguey, serial_shops, nicolae_shop_behind_doors,
          lemuel_zombie_altar_yredelemnul, uniq_grum
D:12:     layout_loops_ring, hiddenorc1_lemuel
Temple:   eino_wide_crystal_templ
Lair:1:   layout_loops_ring, beast_lair_carwin_11
Lair:2:   layout_chaotic_city, ebering_ghost_inner_flame, roderic_carrion_pond,
          serial_bayou_shore_b, serial_bayou_shore_a
Lair:3:   regret_index_bee_streams, layout_cave_shapes,
          minmay_shoals_entry_lonely_mermaid, dummy_spider_entry,
          kennysheep_catoblepas_arena, uniq_amaemon
Lair:4:   layout_gridlike, nzn_masters_of_martial_movement
Lair:5:   cheibrodos_lair_end_hotspot, layout_gridlike,
          dpeg_slime_entry_enclosed
Orc:1:    layout_diamond_mine, nicolae_orc_rockfall, nicolae_orc_stony_grotto

Skill      XL: |  1  2  3  4  5  6  7  8  9 10 11 12 13 14 15 |
---------------+----------------------------------------------+-----
Shields        | 3 4 5 6 7 8 9 10 11 12 | 12.0
Unarmed Combat | 3 4 5 6 8 10 11 13 14 16 17 | 17.6
Fighting       | 3 4 5 6 7 8 9 10 11 | 11.0
Dodging        | 3 4 6 7 8 9 |  9.7

Action                   |  1- 3 |  4- 6 |  7- 9 | 10-12 | 13-15 || total
-------------------------+-------+-------+-------+-------+-------++-------
Melee: Unarmed           |    49 |   164 |   344 |   612 |   921 ||  2090
Throw: Dart              |       |       |       |     9 |       ||     9
Invok: Lunge             |       |       |     2 |    46 |    43 ||    91
       Whirlwind         |       |       |       |    59 |   144 ||   203
  Use: Scroll            |     1 |     3 |     9 |    11 |     4 ||    28
       Potion            |       |       |     1 |     8 |    12 ||    21
 Stab: Sleeping          |     1 |       |       |     1 |       ||     2
Armor: Robe              |    10 |    80 |   113 |   160 |   169 ||   532
       Skin              |       |       |       |    20 |    52 ||    72
Dodge: Dodged            |    25 |    52 |   102 |   253 |   397 ||   829
Block: Kite shield       |    19 |    55 |   123 |   240 |   423 ||   860
